 Dungeon Crawl Stone Soup version 0.23-a0-57-gd13e5294dc (webtiles) character file.

85 Oravi the Gusty (level 4, -5/24 HPs)
             Began as a Tengu Air Elementalist on Aug 9, 2018.
             Slain by an orc priest
             ... wielding a +0 dagger of electrocution
              (20 damage)
             ... on level 3 of the Dungeon.
             The game lasted 00:11:11 (2546 turns).

Oravi the Gusty (Tengu Air Elementalist)            Turns: 2546, Time: 00:11:12

Health: -5/24      AC:  5    Str:  8    XL:     4   Next: 48%
Magic:  1/9        EV: 13    Int: 16    God:
Gold:   89         SH:  0    Dex: 15    Spells: 2/8 levels left

rFire    . . .     SeeInvis .   h - +0 hand axe
rCold    . . .     Gourm    .   (no shield)
rNeg     . . .     Faith    .   l - +0 ring mail
rPois    .         Spirit   .   (helmet restricted)
rElec    .         Reflect  .   (no cloak)
rCorr    .         Harm     .   (no gloves)
MR       .....                  (boots unavailable)
Stlth    +.........             (no amulet)
HPRegen  0.08/turn              s - +3 ring of evasion
MPRegen  0.11/turn              (no ring)

@: very slightly contaminated
A: beak, talons 3
a: no special abilities


You were on level 3 of the Dungeon.
You were not hungry.

You visited 1 branch of the dungeon, and saw 3 of its levels.

You collected 89 gold pieces.

Inventory:

Hand Weapons
 h - a +0 hand axe (weapon)
Missiles
 d - 47 stones (quivered)
 n - 16 poisoned needles
 r - 2 javelins
Armour
 a - a +0 robe
 l - a +0 ring mail (worn)
Jewellery
 s - a +3 ring of evasion (left hand)
Scrolls
 b - 7 scrolls of identify {unknown}
 e - 2 scrolls of remove curse {unknown}
 g - a scroll of teleportation {unknown}
 m - a scroll of enchant armour {unknown}
 o - a scroll of blinking {unknown}
 t - a scroll of noise {unknown}
Potions
 f - a potion of heal wounds
 i - 2 potions of flight {unknown}
 j - a potion of curing {unknown}
 k - a potion of cancellation {unknown}
 q - a potion of might {unknown}
Comestibles
 c - 3 rations
 p - 2 chunks of flesh


   Skills:
 + Level 0.7 Armour
 + Level 2.3 Dodging
 - Level 2.0 Stealth
 * Level 2.8 Spellcasting
 * Level 3.0 Conjurations
 * Level 5.1 Air Magic


You had 2 spell levels left.
You knew the following spells:

 Your Spells              Type           Power        Failure   Level  Hunger
a - Shock                 Conj/Air       ###.         11%         1    #......
b - Swiftness             Chrm/Air       ##......     30%         2    ##.....
c - Static Discharge      Conj/Air       ###.....     32%         3    ###....

Your spell library contained the following spells:

 Spells                   Type           Power        Failure   Level  Hunger
 Lightning Bolt           Conj/Air       ###.......   97%         5    ######.
 Airstrike                Air            ###.......   56%         4    #####..


Dungeon Overview and Level Annotations

Branches:
Dungeon (3/15)

Altars:
Nemelex Xobeh


Innate Abilities, Weirdness & Mutations

You have a beak for a mouth.
You have claws for feet.


Message History

Press: ? - help, Shift-Dir - straight line, f/p - orc priest
Aim: an orc priest, wielding a dagger of electrocution and wearing a chain mail (almost dead)
The zap hits the orc priest.
The orc priest is almost dead.
The orc priest hits you with a dagger of electrocution.
* * * LOW HITPOINT WARNING * * *
You aren't carrying any items that you can evoke.
You feel much better.
The orc priest invokes the aid of Beogh against you.
Beogh smites you!
Casting: Shock (safe; 11% risk of failure)
Confirm with . or Enter, or press ? or * to list all spells.
Aiming: Shock (safe; 11% risk of failure)
Press: ? - help, Shift-Dir - straight line, f/p - orc priest
Aim: an orc priest, wielding a dagger of electrocution and wearing a chain mail (almost dead)
You miscast Shock.
Nothing appears to happen.
The orc priest hits you but does no damage.
You are electrocuted!
Ouch! That really hurt!
You die...

♣.. .# ♣..######.. #.......#
♣♣ ♣.#......# .♣.##......#
♣♣♣♣.. #......# ##
♣♣.♣♣.###......#####.#
♣♣♣♣..♣♣.......o@.......##
..............................
...##..>..........##..#.#####.
...##........########.#...
...##........# #...###
...##........# ##..#
...########### .## ...# ..
####


You could see an orc priest.

Vanquished Creatures
  3 adders
  A worm (D:2)
  3 dart slugs
  A leopard gecko (D:1)
  4 bats
  3 giant cockroaches
  5 goblins
  7 hobgoblins
  6 kobolds
  3 quokkas (D:2)
  6 frilled lizards
  6 rats
48 creatures vanquished.

Notes
Turn   | Place    | Note
-------+----------+-------------------------------------------
     0 | D:1      | Oravi the Tengu Air Elementalist began the quest for the Orb.
     0 | D:1      | Reached XP level 1. HP: 10/10 MP: 4/4
   361 | D:1      | Reached XP level 2. HP: 14/15 MP: 1/6
  1115 | D:1      | Reached XP level 3. HP: 8/19 MP: 4/7
  1607 | D:2      | Found a sparkling altar of Nemelex Xobeh.
  1854 | D:2      | Learned a level 2 spell: Swiftness
  1858 | D:2      | Learned a level 3 spell: Static Discharge
  2089 | D:2      | Reached XP level 4. HP: 24/24 MP: 8/8
  2101 | D:2      | Reached skill level 5 in Air Magic
  2544 | D:3      | HP: 1/24 [orc priest/dagger of electrocution (4)]
  2546 | D:3      | Slain by an orc priest

Vault maps used:
D:1:      saegor_arrival_simple_a, moated_statue
D:2:      nemelex_xobeh_ov_fountains_minmay
D:3:      lemuel_doored_altar, nicolae_overflow_crystal_walls,
          chequers_ecumenical_altar_grove

Skill      XL: |  1  2  3  4 |
---------------+-------------+-----
Conjurations   | 2 3 |  3.0
Air Magic      | 5 |  5.1
Armour         | |  0.7
Dodging        | |  2.3
Stealth        | |  2.0
Spellcasting   | |  2.8

Action                   |  1- 3 |  4- 6 || total
-------------------------+-------+-------++-------
Melee: Hand axe          |    50 |    12 ||    62
       Kick              |     8 |     3 ||    11
       Peck              |     2 |     1 ||     3
Throw: Stone             |    60 |    19 ||    79
       Javelin           |     5 |       ||     5
 Cast: Shock             |    43 |    20 ||    63
       Static Discharge  |       |     1 ||     1
  Use: Potion            |       |     1 ||     1
  Eat: Chunk             |     4 |     2 ||     6
Armor: Robe              |     3 |       ||     3
       Ring mail         |    15 |     9 ||    24
Dodge: Dodged            |    36 |    15 ||    51

Table legend:
 A = Spawn XP
 B = Non-spawn XP
 C = Spawn XP percentage of total XP
 D = Spawn monster count
 E = Non-spawn monster count
 F = Spawn count percentage of total count
 G = Total turns spent on level
                    A         B        C        D         E        F      G
               +---------+---------+-------+---------+---------+-------+---------
         Total |       0 |     122 |   0.0 |       0 |      48 |   0.0 |  2546
               +---------+---------+-------+---------+---------+-------+---------
           D:1 |       0 |      39 |   0.0 |       0 |      20 |   0.0 |  1516
           D:2 |       0 |      68 |   0.0 |       0 |      25 |   0.0 |   893
           D:3 |       0 |      15 |   0.0 |       0 |       3 |   0.0 |   137
               +---------+---------+-------+---------+---------+-------+---------
